Map: Ley Lines

Players

Fairespiter

  • Race: Protoss Protoss
  • League: Master
  • Spawn Location: 1:00

IA (Élite) 1 - Winner!

  • Race: Terran Terran
  • Spawn Location: 7:00

VOD

Have the link to the VOD?

Description

Time

  • Played on: July 8, 2025, 1:46 p.m.
  • Length: 5:31
Show
View Real Time Build Order
Export as new Build Order

Fairespiter Protoss 

Build Orders: 1 Gate Expand, Dark Templar Rush 

Get SALT Encoding   

  12  0:00  Probe  
  13  0:12  Probe  
  14  0:17  Pylon  
  14  0:24  Probe  
  15  0:32  Probe  
  15  0:39  Gateway  
  15  0:40  Probe  
  16  0:45  Assimilator  
  17  0:52  Probe  
  18  1:04  Probe  
  19  1:16  Probe  
  20  1:26  Cybernetics Core  
  20  1:35  Probe, Nexus  
  21  1:41  Pylon  
  21  1:48  Assimilator  
  21  1:50  Probe  
  21  1:51  Stalker  
  22  2:02  Probe  
  22  2:05  Warp Gate  
  25  2:14  Probe  
  26  2:26  Probe  
  27  2:32  Twilight Council  
  27  2:39  Probe  
  28  2:44  Gateway  
  28  2:48  Probe  
  28  2:51  Probe  
  30  2:54  Robotics Facility  
  30  3:00  Probe  
  30  3:03  Probe  
  32  3:12  Probe  
  33  3:14  Dark Shrine  
  33  3:15  Probe  
  33  3:16  Gateway  
  34  3:24  Gateway  
  34  3:26  Probe  
  35  3:29  Probe  
  35  3:33  Pylon, Warp Prism  
  36  3:45  Probe  
  36  3:47  Probe  
  40  3:50  Assimilator  
  40  3:57  Probe, Pylon  
  40  3:59  Probe  
  42  4:09  Probe  
  43  4:11  Probe  
  44  4:21  Probe  
  44  4:23  Probe  
  46  4:34  Dark Templar x3  
  46  4:35  Dark Templar  
  56  5:00  Forge  
  56  5:02  Gateway  
  56  5:03  Gateway  
  56  5:06  Gateway, Nexus  
  54  5:08  Gateway  
  54  5:09  Probe x2  
  54  5:12  Pylon  
  56  5:20  Sentry, Zealot x2  
  62  5:28  Pylon  
Show
View Real Time Build Order
Export as new Build Order

IA (Élite) 1 Terran - Winner!

Build Orders:  

Get SALT Encoding   

  12  0:00  SCV  
  13  0:13  SCV  
  14  0:18  Supply Depot  
  14  0:25  SCV  
  15  0:40  SCV  
  16  0:44  Barracks  
  16  0:52  SCV  
  17  1:04  SCV  
  18  1:16  SCV  
  19  1:18  Command Center  
  19  1:33  Marine, Orbital Command  
  20  1:41  Refinery  
  19  1:51  Marine  
  20  1:55  Supply Depot  
  20  1:59  SCV  
  21  2:08  Refinery  
  21  2:09  Marine  
  21  2:11  SCV  
  23  2:23  SCV  
  23  2:26  Marine  
  24  2:31  Barracks  
  24  2:35  SCV  
  25  2:38  SCV, Supply Depot  
  26  2:47  SCV  
  27  2:55  Orbital Command  
  27  2:59  Marine  
  27  3:01  SCV  
  29  3:15  SCV  
  29  3:16  Factory  
  29  3:19  Marine  
  31  3:20  Marine  
  31  3:24  SCV  
  33  3:27  SCV  
  34  3:36  SCV  
  34  3:37  Marine  
  34  3:38  Marine  
  34  3:39  SCV  
  38  3:44  Barracks  
  39  3:48  SCV  
  39  3:52  SCV  
  40  3:56  Barracks Tech Lab  
  40  3:57  Barracks Tech Lab  
  40  4:00  Factory Tech Lab, Starport  
  40  4:02  SCV  
  41  4:04  SCV  
  42  4:13  Marine  
  42  4:14  SCV  
  42  4:15  Marine  
  42  4:16  SCV  
  46  4:21  Supply Depot  
  46  4:27  SCV  
  46  4:28  SCV  
  48  4:31  Marine  
  48  4:33  Marine x2  
  48  4:38  Medivac  
  53  4:43  SCV x2  
  55  4:47  Supply Depot  
  55  4:49  Marine  
  55  4:51  Marine  
  44  5:09  Starport Tech Lab  
Tags
 
Add a new tag
Caveats
  • Supply blocks, unpowered buildings, or Contaminate may cause inaccurate times.
  • Supply counts are checked every 10 seconds.